 Dungeon Crawl Stone Soup version 0.26-a0-812-g31a745ddcd (webtiles) character file.

Game seed: 14669814581599065553

401 Borgoz the Twirler (level 6, 0/38 HPs)
             Began as a Gargoyle Gladiator on Dec 7, 2020.
             Slain by a bullfrog (3 damage)
             ... on level 5 of the Dungeon.
             The game lasted 00:04:47 (3123 turns).

Borgoz the Twirler (Gargoyle Gladiator)             Turns: 3123, Time: 00:04:47

Health: 0/38       AC: 13    Str: 17    XL:     6   Next: 85%
Magic:  6/6        EV: 12    Int:  9    God:
Gold:   91         SH:  0    Dex: 13    Spells: 3/5 levels left

rFire    + . .     SeeInvis .   a - +2 quarterstaff
rCold    . . .     Faith    .   (shield currently unavailable)
rNeg     + . .     Spirit   .   f - +0 ring mail
rPois    ∞         Reflect  .   c - +1 helmet
rElec    +         Harm     .   j - +0 cloak
rCorr    .         Rampage  .   (no gloves)
MR       .....                  (no boots)
Stlth    +.........             (no amulet)
HPRegen  0.12/turn              h - ring of protection from fire
MPRegen  0.10/turn              (no ring)

@: mighty, marked
A: negative energy resistance 1, electricity resistance, unbreathing,
petrification resistance, rot immunity, AC +4
a: no special abilities


You were on level 5 of the Dungeon.
You visited 1 branch of the dungeon, and saw 5 of its levels.

You collected 91 gold pieces.

Inventory:

Hand Weapons
 a - a +2 quarterstaff (weapon)
Missiles
 d - 2 throwing nets (quivered)
Armour
 c - a +1 helmet (worn)
 f - a +0 ring mail (worn)
 j - a +0 cloak (worn)
Jewellery
 h - a ring of protection from fire (left hand)
 i - an uncursed ring of ice
Scrolls
 b - 2 scrolls of teleportation
 k - 2 scrolls of remove curse
 m - a scroll of enchant armour
 p - a scroll of fear
 q - a scroll of blinking
Potions
 g - a potion of flight
 l - 2 potions of haste
 r - a potion of magic
 s - a potion of brilliance {unknown}
 u - a potion of ambrosia {unknown}


   Skills:
 + Level 3.9 Fighting
 * Level 5.2 Staves
 - Level 1.8 Throwing
 + Level 2.9 Armour
 + Level 3.4 Dodging


You had 3 spell levels left.
You knew the following spells:

 Your Spells              Type           Power        Failure   Level
a - Blink                 Tloc           N/A          73%         2

Your spell library contained the following spells:

 Spells                   Type           Power        Failure   Level
 Magic Dart               Conj           #...         58%         1
 Call Imp                 Summ           #.......     73%         2
 Slow                     Hex            #.......     73%         2
 Conjure Flame            Conj/Fire      #.......     91%         3
 Mephitic Cloud           Conj/Pois/Air  #.......     91%         3


Dungeon Overview and Level Annotations

Branches:
Dungeon (5/15)
 Temple: D:4-7

Altars:
Okawaru
Vehumet
Wu Jian


Innate Abilities, Weirdness & Mutations

You are resistant to torment.
Your stone body is resilient. (AC +4)
You are immune to poison.
You resist negative energy. (rN+)
You are resistant to electric shocks. (rElec)
You can survive without breathing.
You are immune to petrification.
You are immune to rotting.


Message History

Something barely misses you.
You hear some strange, mumbled words.
A puff of frost appears from out of thin air!
The puff of frost misses you.
Okay, then.
You sock the water moccasin!
The water moccasin is almost dead.
The water moccasin closely misses you.
You barely miss the water moccasin.
The water moccasin is almost dead.
The water moccasin bites you.
* * * LOW HITPOINT WARNING * * *
The water moccasin closely misses you.
You sock the water moccasin!
You kill the water moccasin!
Your Staves skill increases to level 5!
You thump the bullfrog!
The bullfrog is severely wounded.
The bullfrog barely misses you. The bullfrog hits you.
You die...

.≈≈ .≈.≈.. o≈
....≈.# .. ≈.≈.
.# ## ≈♣#.≈#
.##≈# # ....#
...≈# #.##S..#
≈..≈# #.)o<#
...≈#
####o#####...≈#
#o.B{F@...≈#
###oS#####≈#
#.!# ##..# ##.#
.# .# .# .#


You could see a bullfrog, a worker ant, an adder and 3 orcs.

Vanquished Creatures
  A water moccasin (D:5)
  A scorpion (D:4)
  2 orc priests (D:5)
  Crazy Yiuf (D:2)
  2 worker ants (D:4)
  3 adders
  3 oozes
  A dart slug (D:2)
  2 leopard geckos
  6 orcs
  6 bats
  2 giant cockroaches
  6 goblins
  8 hobgoblins
  4 jackals
  A quokka (D:5)
  4 frilled lizards
  10 kobolds
  9 rats
72 creatures vanquished.

Notes
Turn   | Place    | Note
-------+----------+-------------------------------------------
     0 | D:1      | Borgoz the Gargoyle Gladiator began the quest for the Orb.
     0 | D:1      | Reached XP level 1. HP: 12/12 MP: 1/1
    61 | D:1      | Reached XP level 2. HP: 15/18 MP: 2/2
   464 | D:1      | Reached XP level 3. HP: 22/22 MP: 3/3
   487 | D:1      | Reached skill level 1 in Armour
  1037 | D:2      | Found a runed translucent door.
  1041 | D:2      | Noticed Crazy Yiuf
  1051 | D:2      | Killed Crazy Yiuf
  1051 | D:2      | Reached XP level 4. HP: 27/27 MP: 4/4
  1406 | D:3      | Found an iron altar of Okawaru.
  1488 | D:3      | Reached skill level 4 in Staves
  1560 | D:3      | Found an ornate altar of the Wu Jian Council.
  1648 | D:3      | Found a radiant altar of Vehumet.
  1922 | D:3      | Learned a level 2 spell: Blink
  2419 | D:4      | Reached XP level 5. HP: 24/32 MP: 5/5
  2856 | D:4      | Reached XP level 6. HP: 35/37 MP: 6/6
  3089 | D:5      | Entered Level 5 of the Dungeon
  3094 | D:5      | Noticed a water moccasin
  3122 | D:5      | Killed a water moccasin
  3122 | D:5      | Reached skill level 5 in Staves
  3123 | D:5      | Slain by a bullfrog

Illustrated notes

Levels and vault maps discovered:
D:1:      tarquinn_simple_flora_water_d, layout_basic, minmay_circled_x
D:2:      layout_basic, uniq_crazy_yiuf_cottage
D:3:      layout_basic, nicolae_overflow_hidden_temple,
          nicolae_overflow_crystal_walls, old_standard_altar
D:4:      layout_gridville, hangedman_abyss_or_decor_lesser_grid
D:5:      kennysheep_big_flooded_room, layout_basic, kennysheep_mini,
          serial_rivers, chequers_serial_rivers_micro_e,
          chequers_serial_rivers_room_b, chequers_serial_rivers_marsh,
          chequers_serial_rivers_micro_e, chequers_serial_rivers_micro_d,
          chequers_serial_rivers_large_a, nicolae_ossuary_entry_false_entrances,
          uniq_eustachio

Skill      XL: |  1  2  3  4  5  6 |
---------------+-------------------+-----
Armour         | 1 2 |  2.9
Staves         | 4 5 |  5.2
Fighting       | 3 |  3.9
Dodging        | 3 |  3.4
Throwing       | |  1.8

Action                   |  1- 3 |  4- 6 || total
-------------------------+-------+-------++-------
Melee: Quarterstaff      |   101 |   112 ||   213
Throw: Throwing net      |     1 |       ||     1
  Use: Scroll            |     9 |     5 ||    14
       Potion            |       |     3 ||     3
 Stab: Held in net/web   |     1 |       ||     1
Armor: Leather armour    |    20 |       ||    20
       Ring mail         |    32 |    76 ||   108
Dodge: Dodged            |    77 |    90 ||   167

Table legend: (Time is in decaauts)
 A = Elapsed time spent in this place.
 B = Non-inter-level travel time spent in this place.
 C = Inter-level travel time spent in this place.
 D = Time resting spent in this place.
 E = Time spent auto-exploring this place.
 F = Levels seen in this place.
 G = Mean time per level.
                   A        B        C        D        E       F      G
               +--------+--------+--------+--------+--------+-----+--------+
         Total |   3146 |   2983 |    163 |     97 |   2351 |   5 |  629.2 |
       Dungeon |   3146 |   2983 |    163 |     97 |   2351 |   5 |  629.2 |
               +--------+--------+--------+--------+--------+-----+--------+

Top non-repeatable levels by time:
     D:3: 910 daAuts
     D:4: 795 daAuts
     D:1: 711 daAuts
     D:2: 695 daAuts
     D:5: 35 daAuts
